 Dungeon Crawl Stone Soup version 0.25-a0-701-gb30f108f01 (webtiles) character file.

Game seed: 5180712629743043388, levelgen mode: deterministic

3478 kae the Grappler (level 9, -3/64 HPs)
             Began as a Black Draconian Transmuter on Apr 3, 2020.
             Was a Follower of Uskayaw.
             Splashed by Joseph's acid (14 damage)
             ... on level 7 of the Dungeon.
             The game lasted 00:09:29 (9180 turns).

kae the Grappler (Black Draconian Transmuter)       Turns: 9180, Time: 00:09:29

Health: -3/64      AC:  3    Str: 15    XL:     9   Next: 79%
Magic:  15/19      EV: 12    Int: 15    God:    Uskayaw [*.....]
Gold:   219        SH:  0    Dex: 11    Spells: 6/21 levels left

rFire    . . .     SeeInvis .     - Unarmed
rCold    + . .     Gourm    .   (shield currently unavailable)
rNeg     . . .     Faith    .   (armour unavailable)
rPois    .         Spirit   .   (helmet restricted)
rElec    +         Reflect  .   (no cloak)
rCorr    .         Harm     .   (gloves currently unavailable)
MR       .....                  (no boots)
Stlth    ++........             (no amulet)
HPRegen  0.20/turn              j - ring of protection from cold
MPRegen  0.16/turn              q - ring of stealth

@: blade hands, corroded
A: breathe lightning, unfitting armour, electricity resistance, cold-blooded, AC
+7
a: Breathe Lightning, End Transformation, Stomp, Renounce Religion


You were on level 7 of the Dungeon.
You worshipped Uskayaw.
Uskayaw was noncommittal.
You were hungry.
You had blades for hands.
You visited 1 branch of the dungeon, and saw 7 of its levels.
You also visited: Sewer.

You collected 219 gold pieces.

Inventory:

Missiles
 a - 82 arrows
Jewellery
 e - an uncursed amulet of the gourmand
 j - a ring of protection from cold (left scythe-like blade)
 q - a ring of stealth (right scythe-like blade)
 C - an uncursed ring of protection from magic {unknown}
Wands
 s - a wand of random effects (15)
 x - a wand of paralysis (12)
 y - a wand of disintegration (14)
Scrolls
 d - 5 scrolls of remove curse
 g - a scroll of random uselessness
 k - 3 scrolls of teleportation
 n - 2 scrolls of magic mapping
 p - a scroll of enchant armour
 t - 2 scrolls of enchant weapon
 u - 2 scrolls of amnesia
 v - 3 scrolls of fear
Potions
 b - 5 potions of brilliance
 f - 4 potions of curing
 h - 2 potions of magic
 i - 3 potions of lignification {unknown}
 l - 2 potions of might
 m - a potion of haste
 o - a potion of invisibility
 r - a potion of resistance
 w - a potion of ambrosia
 z - a potion of flight {unknown}
 A - a potion of heal wounds {unknown}
Comestibles
 c - 9 rations


   Skills:
 - Level 1.1 Fighting
 - Level 1.7 Dodging
 * Level 10.3 Unarmed Combat
 + Level 6.7 Spellcasting
 + Level 7.2 Transmutations


You had 6 spell levels left.
You knew the following spells:

 Your Spells              Type           Power        Failure   Level  Hunger
a - Beastly Appendage     Tmut           ####..       13%         1    None
b - Sticks to Snakes      Tmut           ####....     16%         2    None
c - Spider Form           Tmut/Pois      ###.......   45%         3    ##.....
d - Ice Form              Ice/Tmut       ###.....     73%         4    ####...
e - Blade Hands           Tmut           ####......   61%         5    #####..

Your spell library contained the following spells:

 Spells                   Type           Power        Failure   Level  Hunger
 Magic Dart               Conj           #...         54%         1    None
 Blink                    Tloc           N/A          63%         2    None
 Call Imp                 Summ           #.......     63%         2    None
 Slow                     Hex            #.......     63%         2    None
 Conjure Flame            Conj/Fire      #.......     80%         3    ##.....
 Mephitic Cloud           Conj/Pois/Air  #.......     80%         3    ##.....


Dungeon Overview and Level Annotations

Branches:
Dungeon (7/15)              Sewer (visited)
 Temple: D:4-7

Altars:
Elyvilon
Fedhas
Kikubaaqudgha
Okawaru
Uskayaw
Wu Jian
Xom
The Shining One

Shops:
D:5 [(

Annotations:
D:7 Joseph


Innate Abilities, Weirdness & Mutations

You can breathe wild blasts of lightning.
Your glossy black scales are hard. (AC +7)
You cannot fit into any form of body armour.
You are resistant to electric shocks. (rElec)
You are cold-blooded and may be slowed by cold attacks.


Message History

Your hands turn into razor-sharp scythe blades.
You are feeling hungry.
You climb downwards.
Level annotation: Joseph Joseph shoots a sling bullet.
The sling bullet hits you!
Joseph zaps a wand.
The bolt of acid misses you.
There is a stone staircase leading up, spattered with blood here.
You see here 8 sling bullets.
Joseph shoots a sling bullet.
The sling bullet hits you!
Found a short sword.
You see here a sling bullet.
Joseph hits you but does no damage.
You slash Joseph! You tail-slap Joseph, but do no damage.
Joseph is moderately wounded.
You slice Joseph!!
Joseph is severely wounded.
Joseph zaps a wand.
The bolt of acid hits you!!
* * * LOW HITPOINT WARNING * * *
The acid corrodes you!
You are splashed with acid!
You die...

## ### ..# ##). #...
#.... #....##..# .#...
......#..# ....
#.......##..#
#.......#..# .....
#.......@.# .......
#......@.###.......
#.....(....#?......
####.<.....#......# ..
##............##.## ...
#............##...##...
#...#..........##.......
#...............#........
#..###.#.................
#...
#..##.......#........


You could see Joseph.

Vanquished Creatures
  Sigmund (D:2)
  2 ice beasts
  3 phantoms
  2 sky beasts
  An eye of draining (D:7)
  2 black bears
  Blork the orc (D:5)
  5 big kobolds (Sewer)
  4 bullfrogs (D:6)
  3 scorpions
  6 killer bees (D:7)
  7 wights
  A crimson imp (D:5)
  2 howler monkeys
  A jelly (D:5)
  2 hounds
  2 orc priests
  A gnoll shaman (D:4)
  2 bullfrog skeletons (D:6)
  Terence (D:2)
  Natasha (thrice) (D:2)
  An iguana (D:5)
  5 orc wizards
  3 worker ants
  3 gnolls
  16 adders
  A river rat (Sewer)
  2 shadow imps
  5 oozes
  An adder skeleton (D:6)
  9 worms
  4 dart slugs
  A leopard gecko (D:7)
  18 orcs
  7 ball pythons
  8 bats
  4 giant cockroaches
  8 goblins
  4 hobgoblins
  4 jackals
  10 kobolds
  4 quokkas
  7 frilled lizards
  A jackal skeleton (D:6)
  A quokka skeleton (D:4)
  6 rats
185 creatures vanquished.

Vanquished Creatures (others)
  A giant cockroach (D:7)
1 creature vanquished.

Grand Total: 186 creatures vanquished

Notes
Turn   | Place    | Note
-------+----------+-------------------------------------------
     0 | D:1      | kae the Draconian Transmuter began the quest for the Orb.
     0 | D:1      | Reached XP level 1. HP: 16/16 MP: 3/3
    63 | D:1      | Reached XP level 2. HP: 20/23 MP: 3/5
   454 | D:1      | Reached XP level 3. HP: 21/28 MP: 4/6
   765 | D:2      | Noticed Sigmund
   770 | D:2      | Noticed Terence
   798 | D:3      | Learned a level 2 spell: Sticks to Snakes
   802 | D:3      | Learned a level 3 spell: Spider Form
   915 | D:3      | Found an ancient bone altar of Kikubaaqudgha.
  1108 | D:3      | Found a blossoming altar of Fedhas.
  1128 | D:3      | Found a glowing drain.
  1153 | Sewer    | Entered a sewer
  1261 | Sewer    | Noticed a big kobold
  1278 | Sewer    | Killed a big kobold
  1278 | Sewer    | Reached skill level 4 in Unarmed Combat
  1278 | Sewer    | Reached XP level 4. HP: 35/35 MP: 3/8
  1365 | Sewer    | Reached XP level 5. HP: 32/40 MP: 9/9
  1464 | Sewer    | Reached skill level 5 in Unarmed Combat
  1541 | Sewer    | Reached XP level 6. HP: 32/47 MP: 6/11
  2120 | D:3      | Found an ornate altar of the Wu Jian Council.
  2280 | D:4      | Reached skill level 6 in Unarmed Combat
  2280 | D:4      | Your scales start taking on a glossy black colour.
  2280 | D:4      | Reached XP level 7. HP: 37/52 MP: 7/12
  2280 | D:4      | Gained mutation: You are resistant to electric shocks.
                  | (rElec) [Black Draconian growth]
  2436 | D:2      | Killed Sigmund
  2573 | D:2      | You fall into a shaft and drop 1 floor!
  2875 | D:2      | Noticed Natasha
  2894 | D:2      | Killed Natasha
  2954 | D:2      | Found a white marble altar of Elyvilon.
  3044 | D:2      | Found a glowing golden altar of the Shining One.
  3093 | D:2      | Noticed Natasha
  3101 | D:2      | Killed Natasha
  3128 | D:2      | Noticed Natasha
  3134 | D:2      | Killed Natasha
  3219 | D:2      | Killed Terence
  3318 | D:2      | Found a white marble altar of Elyvilon.
  3540 | D:4      | Reached skill level 7 in Unarmed Combat
  3926 | D:4      | Reached XP level 8. HP: 38/59 MP: 10/14
  4292 | D:4      | Reached skill level 5 in Transmutations
  4977 | D:4      | Reached skill level 5 in Spellcasting
  5248 | D:5      | Entered Level 5 of the Dungeon
  5382 | D:5      | Learned a level 4 spell: Ice Form
  5383 | D:5      | Found an iron altar of Okawaru.
  5400 | D:5      | Found a hide-covered altar of Uskayaw.
  5436 | D:5      | Became a worshipper of Uskayaw the Reveler
  5505 | D:5      | Reached * piety under Uskayaw
  5507 | D:5      | Reached skill level 8 in Unarmed Combat
  5507 | D:5      | Reached ** piety under Uskayaw
  5586 | D:5      | Found Ihuummo's Weapon Shoppe.
  5770 | D:5      | Reached *** piety under Uskayaw
  5976 | D:5      | Found Uluh's Armour Shoppe.
  6003 | D:5      | Found an iron altar of Okawaru.
  6041 | D:5      | Found a sparkling altar of Nemelex Xobeh.
  6043 | D:5      | Found a sacrificial altar of Ru.
  6043 | D:5      | Found an ornate altar of the Wu Jian Council.
  6045 | D:5      | Found a white marble altar of Elyvilon.
  6045 | D:5      | Found a shimmering altar of Xom.
  6045 | D:5      | Found a sparkling altar of Nemelex Xobeh.
  6084 | D:5      | Noticed Blork the orc
  6094 | D:5      | Learned a level 5 spell: Blade Hands
  6100 | D:5      | Killed Blork the orc
  6353 | D:6      | Reached XP level 9. HP: 16/64 MP: 14/17
  6618 | D:6      | Reached skill level 9 in Unarmed Combat
  7539 | D:7      | Reached **** piety under Uskayaw
  7708 | D:7      | Noticed Joseph
  7876 | D:7      | Reached skill level 10 in Unarmed Combat
  7939 | D:7      | Reached ***** piety under Uskayaw
  9180 | D:7      | Splashed by Joseph's acid

Levels and vault maps discovered:
D:1:      minmay_arrival_cross, layout_rooms, minmay_pentomino_p2
D:2:      layout_basic, nicolae_overflow_hidden_temple, tso_altar, uniq_natasha,
          uniq_sigmund, uniq_terence
D:3:      layout_loops_ring, nicolae_overflow_crystal_walls,
          lemuel_crystal_altar, cheibrodos_sewer_entry_drain, lemuel_tele_altar
D:4:      minmay_opposing_rooms, layout_layer_cave, first_ration
D:5:      minmay_general_purpose_star, layout_gridville,
          eat_drink_and_be_merry_uskayaw, kennysheep_mini_moat,
          doesnt_xom_only_xom, serial_shops, kennysheep_mini,
          nicolae_shop_statue_plus, kennysheep_okawaru_gauntlet,
          uniq_blork_the_orc
D:6:      layout_loops_corners, st_stairs_4, minmay_misc_feat_diagonals
D:7:      layout_cave_pools, kennysheep_little_box,
          minmay_temple_entry_overgrown, the_bakery, uniq_joseph

Skill      XL: |  1  2  3  4  5  6  7  8  9 |
---------------+----------------------------+-----
Unarmed Combat | 4 5 6 7 8 10 | 10.3
Transmutations | 3 4 6 7 |  7.2
Spellcasting   | 3 4 5 6 |  6.7
Fighting       | |  1.1
Dodging        | |  1.7

Action                   |  1- 3 |  4- 6 |  7- 9 || total
-------------------------+-------+-------+-------++-------
Melee: Unarmed           |   131 |   121 |   369 ||   621
       Kick              |    11 |     2 |       ||    13
       Tailslap          |    10 |     4 |    12 ||    26
       Headbutt          |     2 |     1 |     2 ||     5
       Punch             |       |     2 |     2 ||     4
 Cast: Beastly Appendage |    17 |     4 |     3 ||    24
       Spider Form       |     1 |    12 |    39 ||    52
       Sticks to Snakes  |       |       |     3 ||     3
       Ice Form          |       |       |     5 ||     5
       Blade Hands       |       |       |     4 ||     4
  Use: Scroll            |     8 |     1 |     9 ||    18
 Stab: Sleeping          |     1 |     1 |     3 ||     5
       Paralysed         |       |       |    10 ||    10
  Eat: Chunk             |     1 |     6 |    24 ||    31
       Ration            |       |       |     1 ||     1
Armor: Skin              |    37 |    21 |    58 ||   116
Dodge: Dodged            |    86 |    69 |   207 ||   362

Table legend:
 A = Non-vault XP
 B = Vault XP
 C = Vault XP percentage of total XP
 D = Non-vault monster count
 E = Vault monster count
 F = Vault count percentage of total count
                 A         B        C        D         E       F
            +---------+---------+-------+---------+---------+-------
      Total |    3689 |    1280 |  25.8 |     137 |      48 |  25.9
            +---------+---------+-------+---------+---------+-------
        D:1 |      52 |       2 |   3.7 |      24 |       1 |   4.0
        D:2 |     113 |     311 |  73.3 |      17 |       3 |  15.0
        D:3 |      44 |       4 |   8.3 |      12 |       3 |  20.0
        D:4 |     693 |      59 |   7.8 |      27 |       6 |  18.2
        D:5 |     600 |     201 |  25.1 |      17 |       5 |  22.7
        D:6 |     891 |      90 |   9.2 |      20 |       2 |   9.1
        D:7 |    1296 |       0 |   0.0 |      20 |       0 |   0.0
      Sewer |       0 |     613 | 100.0 |       0 |      28 | 100.0
            +---------+---------+-------+---------+---------+-------
